 Dungeon Crawl Stone Soup version 0.18.1-48-g4cf74bf (webtiles) character file.

1292 Heedrag the Carver (level 8, -4/70 HPs)
             Began as a Minotaur Fighter on Aug 4, 2016.
             Was a Follower of Okawaru.
             Killed by divine providence
             ... invoked by an orc priest
              (13 damage)
             ... on level 6 of the Dungeon.
             The game lasted 00:07:57 (5050 turns).

Heedrag the Carver (Minotaur Fighter)               Turns: 5050, Time: 00:07:58

Health: -4/70      AC:  8    Str: 23    XL:     8   Next: 30%
Magic:  6/7        EV:  7    Int:  5    God:    Okawaru [*.....]
Gold:   346        SH:  8    Dex: 10    Spells: 0 memorised, 7 levels left

rFire  + . .     SeeInvis .     a - +0 long sword
rCold  . . .     Gourm    .     b - +0 scale mail
rNeg   . . .     Faith    .     c - +0 shield
rPois  .         Spirit   .     (helmet restricted)
rElec  .         Dismiss  +     (no cloak)
rCorr  +         Reflect  .     I - +0 pair of gloves
SustAt .         Harm     .     (no boots)
MR     .....                    s - amulet of dismissal
Stlth  ..........               y - ring of resist corrosion
                                r - ring of protection from fire

@: heavily drained, not resistant to hostile enchantments, extremely unstealthy
A: retaliatory headbutt, horns 2
a: Heroism, Renounce Religion


You were on level 6 of the Dungeon.
You worshipped Okawaru.
Okawaru was aware of your devotion.
You were very hungry.

You visited 2 branches of the dungeon, and saw 7 of its levels.

You collected 346 gold pieces.

Inventory:

Hand Weapons
 a - a +0 long sword (weapon)
 z - the +11 dagger of Havoc {pain, rF++ Int+3 SInv, unknown}
   (You found it on level 4 of the Dungeon)

   In the hands of one skilled in necromantic magic, it inflicts extra damage on
   living creatures.
   It affects your intelligence (+3).
   It greatly protects you from fire.
   It lets you see invisible.
 K - the +6 rapier of Benevolence {drain, rPois rF+, unknown}
   (You found it on level 5 of the Dungeon)

   A truly terrible weapon, it drains the life of those it strikes.
   It protects you from fire.
   It protects you from poison.
Armour
 b - a +0 scale mail (worn)
 c - a +0 shield (worn)
 I - a +0 pair of gloves (worn)
Rods
 F - a +0 iron rod (12/12)
   (You found it on level 4 of the Dungeon)
Jewellery
 r - a ring of protection from fire (left hand)
 s - an amulet of dismissal (around neck)
 y - a ring of resist corrosion (right hand)
 J - an uncursed amulet of rage {unknown}
Wands
 v - a wand of confusion (12/48)
 C - a wand of flame (6/48)
Scrolls
 e - 2 scrolls of magic mapping {unknown}
 g - 2 scrolls of noise {unknown}
 j - 6 scrolls of identify {unknown}
 m - 3 scrolls of remove curse {unknown}
 o - 3 scrolls of fog {unknown}
 w - a scroll of amnesia {unknown}
 D - a scroll of recharging {unknown}
 E - 2 scrolls of teleportation {unknown}
 G - a scroll of blinking {unknown}
 M - a scroll of fear {unknown}
Potions
 d - 3 potions of might
 i - a potion of cure mutation {unknown}
 l - 2 potions of brilliance {unknown}
 n - a potion of magic {unknown}
 p - a potion of haste {unknown}
 q - a potion of lignification {unknown}
 t - 4 potions of curing {unknown}
 A - a potion of heal wounds {unknown}
 B - 2 potions of cancellation {unknown}
 H - 2 potions of invisibility {unknown}
Books
 x - a book of Party Tricks

   Spells                             Type                      Level
   a - Summon Butterflies             Summoning                    1
   b - Apportation                    Translocation                1
   c - Tukima's Dance                 Hexes                        3
   d - Alistair's Intoxication        Transmutation/Poison         5
   e - Invisibility                   Hexes                        6
Comestibles
 f - 5 bread rations
 h - 3 meat rations
 k - 4 fruits
 u - a slice of pizza


   Skills:
 + Level 6.0(4.4) Fighting
 * Level 10.2(8.4) Long Blades
 + Level 6.1(4.5) Armour
 - Level 3.6(2.1) Shields


You had 7 spell levels left.
You didn't know any spells.

Dungeon Overview and Level Annotations

Branches:
Dungeon (6/15)             Temple (1/1) D:4

Altars:
Ashenzari
Cheibriados
Elyvilon
Fedhas
Gozag
Kikubaaqudgha
Nemelex Xobeh
Okawaru
Pakellas
Ru
Sif Muna
Trog
Vehumet
Zin

Shops:
D:5 =


Innate Abilities, Weirdness & Mutations

You reflexively headbutt those who attack you in melee.
You have a pair of horns on your head.


Message History

* * * LOW HITPOINT WARNIN'
* * * Yer amulet o' dismissal vibrates sudd'nly!
Tha orc warrior disappears!
Ye be too injured ta fight recklessly!
Ye barely miss tha orc priest.
Ye headbutt tha orc priest, but do nay damage.
Tha orc priest barely misses ye.
Ye hit tha orc priest.
Yer headbutt misses tha orc priest.
Tha orc priest be lightly wounded.
Tha orc priest hits ye wit' a club.
* * * LOW HITPOINT WARNIN'
* * * Ye closely miss tha orc priest.
Tha orc priest be lightly wounded.
Tha orc priest hits ye but does nay damage.
Ye hit tha orc priest but do nay damage.
Ye headbutt tha orc priest.
Tha orc priest be heavily wounded.
Tha orc priest calls down tha wrath o' Beogh upon ye.
Beogh smites ye!
Ye die...

#..........
#..([..
#.####.#.###
#####.# ## ###.#.#
#.# ....#.# #.#
#.#.#.##### #.#
........#. >####
#.# .........
#....# #.#
......o.# #....#
#.# #@#####....#
#.# #.)....[...#
#.#
#.....##.......#
#.#
###.#.##.......#
#.. #.#.##.......#
### #
#.#####.##########
#.# #.......#...
#.# ########.#.##
#.# #......#.#.#


You could see an orc priest.

Vanquished Creatures
  Pikel (D:6)
  The ghost of Ladykiller69 the Skirmisher, an amateur FoFi (D:3)
  Blork the orc (D:6)
  An ogre (D:4)
  A crimson imp (D:5)
  A hound (D:5)
  2 jellies (D:6)
  6 orc wizards
  An iguana (D:5)
  3 worker ants (D:4)
  2 hound skeletons (D:5)
  2 adders
  An ooze (D:4)
  4 worms
  A dart slug (D:3)
  15 orcs
  3 ball pythons
  2 giant cockroaches
  2 hobgoblins (D:2)
  3 jackals
  2 quokkas
  3 bats
  2 giant newts
  3 goblins (D:2)
  9 kobolds
  3 rats
75 creatures vanquished.

Vanquished Creatures (others)
  4 slaves (D:6)
  2 orc priests (D:6)
  An orc (D:6)
  6 jackals (D:6)
  A quokka skeleton (D:6)
14 creatures vanquished.

Grand Total: 89 creatures vanquished

Notes
Turn   | Place    | Note
--------------------------------------------------------------
     0 | D:1      | Heedrag the Minotaur Fighter began the quest for the Orb.
     0 | D:1      | Reached XP level 1. HP: 19/19 MP: 0/0
   633 | D:2      | Reached skill level 3 in Long Blades
   653 | D:2      | Found a sacrificial altar of Ru.
   716 | D:2      | Reached XP level 2. HP: 23/26 MP: 1/1
  1219 | D:3      | Reached skill level 4 in Long Blades
  1225 | D:3      | Reached XP level 3. HP: 3/31 MP: 2/2
  1226 | D:3      | HP: 1/31 [worm (2)]
  1625 | D:3      | Reached skill level 5 in Long Blades
  1663 | D:3      | Found a faded altar to an unknown god.
  1740 | D:3      | Reached XP level 4. HP: 35/39 MP: 3/3
  1743 | D:3      | Noticed Ladykiller69's ghost (amateur FoFi)
  1752 | D:3      | Killed Ladykiller69's ghost
  1752 | D:3      | Reached skill level 7 in Long Blades
  1752 | D:3      | Reached XP level 5. HP: 29/45 MP: 4/4
  2328 | D:4      | Found a bloodstained altar of Trog.
  2333 | D:4      | Got a shimmering dagger
  2336 | D:4      | Noticed an ogre
  2341 | D:4      | Killed an ogre
  2341 | D:4      | Reached XP level 6. HP: 52/52 MP: 5/5
  2597 | D:4      | Found a white marble altar of Elyvilon.
  2910 | D:4      | Reached skill level 8 in Long Blades
  2986 | D:4      | Found a staircase to the Ecumenical Temple.
  3011 | Temple   | Entered the Ecumenical Temple
  3049 | Temple   | Became a worshipper of Warmaster Okawaru
  3265 | D:5      | Entered Level 5 of the Dungeon
  3266 | D:5      | Found a snail-covered altar of Cheibriados.
  3308 | D:5      | Found Tuneug's Jewellery Shoppe.
  3388 | D:5      | Found a radiant altar of Vehumet.
  3545 | D:5      | Reached XP level 7. HP: 54/60 MP: 6/6
  3708 | D:5      | Got an ancient rapier
  3866 | D:6      | Noticed Pikel
  3880 | D:6      | Killed Pikel
  3880 | D:6      | Reached * piety under Okawaru
  3880 | D:6      | Reached skill level 5 in Fighting
  3880 | D:6      | Reached skill level 9 in Long Blades
  3880 | D:6      | Reached skill level 5 in Armour
  3978 | D:6      | Reached XP level 8. HP: 39/69 MP: 7/7
  4290 | D:6      | Reached ** piety under Okawaru
  4938 | D:6      | Found a sparkling altar of Nemelex Xobeh.
  5031 | D:6      | Noticed Blork the orc
  5038 | D:6      | Killed Blork the orc
  5038 | D:6      | Reached skill level 10 in Long Blades
  5050 | D:6      | Killed from afar by an orc priest

Skill      XL: |  1  2  3  4  5  6  7  8 |
---------------+-------------------------+-----
Long Blades    | 3 4 5 7 8 9 10 | 10.2
Armour         | 4 5 6 |  6.1
Fighting       | 4 5 6 |  6.0
Shields        | |  3.6

Action                   |  1- 3 |  4- 6 |  7- 9 || total
-------------------------+-------+-------+-------++-------
Melee: Long sword        |    50 |    98 |   125 ||   273
       Headbutt          |     9 |    22 |    23 ||    54
Invok: Heroism           |       |       |     1 ||     1
  Eat: Chunk             |     3 |     5 |     4 ||    12
Armor: Scale mail        |    10 |    28 |    64 ||   102
Dodge: Dodged            |    17 |    17 |    21 ||    55
Block: Shield            |    19 |    35 |    35 ||    89
